 Dungeon Crawl Stone Soup version 0.23-a0-899-gbbae0a3 (webtiles) character file.

Game seed: 1126320840810881387

44524 Lanoc the Markscentaur (level 13, -4/117 HPs)
             Began as a Centaur Hunter on Jan 29, 2019.
             Was an Elder of Fedhas.
             Slain by a wolf spider zombie (13 damage)
             ... on level 13 of the Dungeon.
             The game lasted 01:11:44 (17737 turns).

Lanoc the Markscentaur (Centaur Hunter)            Turns: 17737, Time: 01:11:46

Health: -4/117     AC:  7    Str: 20    XL:     13   Next: 96%
Magic:  13/13      EV: 24    Int: 10    God:    Fedhas [****..]
Gold:   782        SH:  0    Dex: 20    Spells: 11/12 levels left

rFire    . . .     SeeInvis .   L - +2 shortbow (freeze)
rCold    + . .     Gourm    .   (shield currently unavailable)
rNeg     . . .     Faith    .   x - +1 leather armour {rC+}
rPois    .         Spirit   .   (no helmet)
rElec    .         Reflect  .   I - +0 cloak
rCorr    .         Harm     .   (no gloves)
MR       +....     Clarity  +   (no barding) Stlth ++........Rnd*Tele +
                                p - amulet of the acrobat
HPRegen  0.29/turn              i - ring of protection from magic
MPRegen  0.13/turn              b - +3 ring of evasion

@: mighty, agile, very quick
A: large, hooves 3, clarity, deformed body, speed 2, teleportitis 1, tough skin
3
a: Fungal Bloom, Sunlight, Evolution, Growth, Reproduction, Renounce Religion


You were on level 13 of the Dungeon.
You worshipped Fedhas.
Fedhas was greatly pleased with you.
You were not hungry.

You visited 2 branches of the dungeon, and saw 15 of its levels.

You collected 782 gold pieces.

Inventory:

Hand Weapons
 o - the +6 arbalest "Jagir" {flame, rPois Stlth+}
   (You found it on level 9 of the Dungeon)

   It causes projectiles fired from it to burn those they strike, causing extra
   injury to most foes and up to half again as much damage against particularly
   susceptible opponents.
   It protects you from poison.
   It makes you more stealthy.
 r - a +1 hunting sling of velocity
 L - a +2 shortbow of freezing (weapon)
Missiles
 e - 95 arrows (quivered)
 t - 70 sling bullets
 K - 31 bolts
Armour
 x - a +1 leather armour of cold resistance (worn)
 I - a +0 cloak (worn)
Jewellery
 b - a +3 ring of evasion (right hand)
 i - a ring of protection from magic (left hand)
 p - an amulet of the acrobat (around neck)
 E - a +3 ring of dexterity
Wands
 a - a wand of iceblast (5)
 c - a wand of paralysis (21)
 C - a wand of digging (13)
 G - a wand of polymorph (11)
 M - a wand of enslavement (6)
Scrolls
 h - 2 scrolls of enchant weapon {unknown}
 j - 3 scrolls of fog {unknown}
 l - 7 scrolls of amnesia {unknown}
 m - a scroll of enchant armour
 n - 10 scrolls of teleportation
 q - a scroll of immolation
 u - 9 scrolls of remove curse
 y - 3 scrolls of fear {unknown}
 J - 3 scrolls of magic mapping
Potions
 g - a potion of mutation
 k - 2 potions of cancellation
 s - a potion of heal wounds
 v - 4 potions of brilliance
 w - 3 potions of curing
 A - a potion of ambrosia
 B - a potion of might
 D - 3 potions of flight
 F - a potion of haste
Comestibles
 d - 2 chunks of flesh
 f - 23 rations


   Skills:
 + Level 11.7 Fighting
 + Level 18.7 Bows
 + Level 4.9 Armour
 + Level 9.2 Dodging
 - Level 0.4 Stealth
 + Level 5.2 Translocations


You had 11 spell levels left.
You knew the following spells:

 Your Spells              Type           Power        Failure   Level  Hunger
a - Apportation           Tloc           ##....       4%          1    ##.....

Your spell library contained the following spells:

 Spells                   Type           Power        Failure   Level  Hunger
 Animate Skeleton         Necr           N/A          41%         1    ##.....
 Confusing Touch          Hex            #.....       41%         1    ##.....
 Corona                   Hex            #......      41%         1    ##.....
 Sting                    Conj/Pois      #...         41%         1    ##.....
 Summon Small Mammal      Summ           #...         41%         1    ##.....
 Ensorcelled Hibernation  Hex/Ice        #.....       54%         2    ###....
 Poisonous Vapours        Pois/Air       #.....       54%         2    ###....
 Confuse                  Hex            #.......     78%         3    ####...
 Dazzling Spray           Conj/Hex       #.....       78%         3    ####...
 Mephitic Cloud           Conj/Pois/Air  #.......     78%         3    ####...
 Tukima's Dance           Hex            #.......     78%         3    ####...
 Olgreb's Toxic Radiance  Pois           #.......     99%         4    #####..
 Venom Bolt               Conj/Pois      #.........   100%        5    ######.


Dungeon Overview and Level Annotations

Branches:
Dungeon (14/15)            Temple (1/1) D:4            Lair (0/6) D:11
    Orc (0/2) D:12
 Vaults: D:13-14

Altars:
Ashenzari
Cheibriados
Dithmenos
Elyvilon
Fedhas
Gozag
Hepliaklqana
Kikubaaqudgha
Makhleb
Nemelex Xobeh
Okawaru
Qazlal
Ru
Sif Muna
Trog
Uskayaw
Vehumet
Wu Jian
Xom
Yredelemnul
Zin
The Shining One

Shops:
D:6 %   D:9 (

Annotations:
D:9 1 runed translucent door
D:12 3 runed translucent doors, Kirke; drasked's ghost, journeyman DrCj


Innate Abilities, Weirdness & Mutations

You have hooves in place of feet.
Armour fits poorly on your strangely shaped body.
You cover ground very quickly.
You have extremely tough skin. (AC +3)
You possess an exceptional clarity of mind.
You are occasionally teleported next to monsters.


Message History

You shoot an arrow.
The arrow barely misses the wolf spider zombie.
The wolf spider zombie misses you.
The wolf spider zombie barely misses you.
Firing (i - inventory)
e - 97 arrows (quivered)
Press: ? - help, Shift-Dir - straight line, f/p - wolf spider zombie
Aim: a wolf spider zombie (severely damaged)
You shoot an arrow. The arrow hits the wolf spider zombie.
The wolf spider zombie is severely damaged.
The wolf spider zombie closely misses you.
The wolf spider zombie barely misses you.
Firing (i - inventory)
e - 96 arrows (quivered)
Press: ? - help, Shift-Dir - straight line, f/p - wolf spider zombie
Aim: a wolf spider zombie (severely damaged)
You shoot an arrow.
The arrow hits the wolf spider zombie but does no damage.
The wolf spider zombie is severely damaged.
The wolf spider zombie hits you!
You die...
Fedhas appreciates your contribution to the ecosystem.

########+####
#..(>.......#
#...(.......#
#.....(.....#
#...........#
+@Z.....((..#
#......(.(..#
#....<......#
#...(...!.((#
########+####


You could see a wolf spider zombie.

Vanquished Creatures
  Erica (D:9)
  A centaur warrior (D:11)
  Urug (D:11)
  3 two-headed ogres
  The ghost of Killmatronix the Thrower, a novice OgHu (D:6)
  3 tengu warriors
  4 unseen horrors
  A wizard (D:14)
  An obsidian statue (D:9)
  A cyclops (D:11)
  A deep elf mage (D:11)
  3 manticores
  A gargoyle (D:14)
  A komodo dragon (D:11)
  6 trolls
  A meliai (D:11)
  A wind drake (shapeshifter) (D:14)
  2 hornets
  6 hippogriffs
  5 wyverns
  A vampire (D:11)
  Eustachio (D:6)
  9 yaks
  A spriggan (D:7)
  5 hogs (D:12)
  A steam dragon (D:10)
  2 wargs (D:12)
  A soldier ant (D:14)
  A water moccasin (D:11)
  9 orc warriors
  2 black bears
  3 ice beasts (D:10)
  A sky beast (D:9)
  2 eyes of draining
  3 phantoms
  2 necrophages
  11 ogres
  11 centaurs
  2 crocodiles
  4 big kobolds
  A wyvern zombie (D:11)
  10 bullfrogs
  A gnoll sergeant (D:8)
  A wyvern skeleton (D:12)
  2 scorpions
  A water moccasin skeleton (D:8)
  3 howler monkeys
  15 killer bees
  7 wights
  An electric eel (D:7)
  6 crimson imps
  A quasit (D:10)
  7 centaur skeletons
  6 centaur zombies
  4 jellies
  14 orc priests
  4 bullfrog skeletons
  5 hounds
  15 orc wizards
  5 iguanas
  Ijyb (D:5)
  11 worker ants
  2 hound skeletons
  A hound zombie (D:8)
  A worker ant zombie (D:11)
  Robin (D:2)
  A howler monkey skeleton (D:11)
  11 gnolls
  13 adders
  4 shadow imps
  A white imp (D:12)
  6 oozes
  3 adder skeletons
  5 worms
  3 dart slugs
  10 leopard geckos
  65 orcs
  5 giant cockroaches
  21 goblins
  10 hobgoblins
  9 jackals
  7 quokkas
  A ball python skeleton (D:6)
  8 bats
  5 frilled lizards
  23 kobolds
  A leopard gecko skeleton (D:4)
  13 rats
467 creatures vanquished.

Vanquished Creatures (others)
  An orc wizard (D:4)
  2 fungi (D:12)
  2 plants (D:12)
  23 toadstools
28 creatures vanquished.

Grand Total: 495 creatures vanquished

Notes
Turn   | Place    | Note
-------+----------+-------------------------------------------
     0 | D:1      | Lanoc the Centaur Hunter began the quest for the Orb.
     0 | D:1      | Reached XP level 1. HP: 17/17 MP: 1/1
   283 | D:1      | Reached XP level 2. HP: 23/24 MP: 2/2
   908 | D:2      | Reached skill level 6 in Bows
   919 | D:2      | Reached XP level 3. HP: 30/30 MP: 3/3
  1589 | D:2      | Reached XP level 4. HP: 25/37 MP: 4/4
  1603 | D:2      | Gained mutation: You are occasionally teleported next to
                  | monsters. [potion of mutation]
  1603 | D:2      | Gained mutation: You possess an exceptional clarity of
                  | mind. [potion of mutation]
  1670 | D:2      | Noticed Robin
  1748 | D:2      | Killed Robin
  1748 | D:2      | Reached skill level 7 in Bows
  1801 | D:2      | Reached XP level 5. HP: 10/45 MP: 5/5
  2721 | D:3      | Found a shattered altar of Ashenzari.
  2731 | D:3      | Found a stormy altar of Qazlal.
  2731 | D:3      | Found a blossoming altar of Fedhas.
  2736 | D:3      | Found a hide-covered altar of Uskayaw.
  2805 | D:3      | Became a worshipper of Fedhas Madash
  3120 | D:3      | Reached XP level 6. HP: 50/51 MP: 6/6
  3248 | D:3      | Reached skill level 8 in Bows
  3831 | D:4      | Reached XP level 7. HP: 52/59 MP: 7/7
  3897 | D:4      | Found a staircase to the Ecumenical Temple.
  3941 | Temple   | Reached * piety under Fedhas
  3941 | Temple   | Entered the Ecumenical Temple
  4185 | D:4      | Found an iron altar of Okawaru.
  4185 | D:4      | Found a deep blue altar of Sif Muna.
  4372 | D:4      | Reached skill level 9 in Bows
  4567 | D:4      | Found an ornate altar of the Wu Jian Council.
  4658 | D:5      | Entered Level 5 of the Dungeon
  4775 | D:5      | Found a radiant altar of Vehumet.
  4839 | D:5      | Noticed Ijyb
  4850 | D:5      | HP: 1/60 [acid (11)]
  5185 | D:5      | Found a stormy altar of Qazlal.
  5484 | D:6      | Found a large runed translucent door.
  5484 | D:6      | Found a large runed translucent door.
  5484 | D:6      | Noticed Killmatronix's ghost (novice OgHu)
  5651 | D:6      | Noticed Eustachio
  5669 | D:6      | HP: 3/60 [centaur/arrow (9)]
  5691 | D:6      | Found Sukischa's Food Shop.
  5774 | D:6      | Reached skill level 10 in Bows
  5777 | D:6      | Reached skill level 5 in Fighting
  5777 | D:6      | Reached XP level 8. HP: 29/68 MP: 8/8
  5889 | D:6      | Found an opulent altar of Gozag.
  6017 | D:6      | HP: 3/68 [orc priest/divine providence (14)]
  6298 | D:6      | Reached skill level 11 in Bows
  6601 | D:6      | Killed Eustachio
  7162 | D:6      | Killed Killmatronix's ghost
  7162 | D:6      | Reached skill level 12 in Bows
  7162 | D:6      | Reached XP level 9. HP: 78/78 MP: 9/9
  7446 | D:5      | Killed Ijyb
  7448 | D:5      | Reached skill level 5 in Dodging
  7575 | D:5      | Reached ** piety under Fedhas
  7961 | D:7      | Reached skill level 13 in Bows
  8040 | D:7      | Found a shadowy altar of Dithmenos.
  8323 | D:7      | Noticed a moth of wrath
  8326 | D:7      | Found a bloodstained altar of Trog.
  8757 | D:7      | Reached XP level 10. HP: 86/86 MP: 10/10
  8940 | D:7      | Reached skill level 14 in Bows
  9206 | D:7      | Killed an unseen horror
 10179 | D:8      | Reached skill level 16 in Bows
 10179 | D:8      | Reached XP level 11. HP: 97/97 MP: 11/11
 10180 | D:8      | Reached skill level 17 in Bows
 10180 | D:8      | Reached XP level 12. HP: 106/106 MP: 12/12
 10221 | D:8      | Reached skill level 10 in Fighting
 10671 | D:9      | Reached skill level 1 in Armour
 10681 | D:9      | Found a runed translucent door.
 10697 | D:9      | Found a runed translucent door.
 10709 | D:9      | Found a runed translucent door.
 10720 | D:9      | Found a runed translucent door.
 11343 | D:9      | Found Kaeturr's Antique Weapon Shop.
 11363 | D:9      | Got a dazzling arbalest
 11364 | D:9      | Identified the +6 arbalest "Jagir" {flame, rPois Stlth+}
                  | (You found it on level 9 of the Dungeon)
 11609 | D:9      | Noticed Erica
 11623 | D:9      | Killed Erica
 11722 | D:10     | Entered Level 10 of the Dungeon
 11955 | D:10     | Reached *** piety under Fedhas
 12221 | D:10     | Reached XP level 13. HP: 51/114 MP: 13/13
 12921 | D:11     | Found a staircase to the Lair.
 13243 | D:11     | Noticed Urug
 13848 | D:11     | Reached skill level 18 in Bows
 13958 | D:11     | HP: 5/115 [cyclops/large rock (32)]
 14780 | D:11     | Killed Urug
 15495 | D:12     | Found a runed translucent gate.
 15495 | D:12     | Found a runed translucent gate.
 15496 | D:12     | Found a runed translucent gate.
 15561 | D:12     | Noticed drasked's ghost (journeyman DrCj)
 15671 | D:12     | Reached **** piety under Fedhas
 15764 | D:12     | Found a staircase to the Orcish Mines.
 15768 | D:12     | Noticed Kirke
 16723 | D:12     | Learned a level 1 spell: Apportation
 16899 | D:12     | You fall through a shaft for 2 floors!
 17134 | D:14     | Reached skill level 5 in Translocations
 17737 | D:13     | Slain by a wolf spider zombie

Vault maps used:
D:1:      minmay_arrival_nine_rooms, serial_forest,
          infiniplex_forest_lined_room_2, infiniplex_forest_lined_room_2,
          infiniplex_forest_lined_room_, infiniplex_forest_lined_corner,
          infiniplex_forest_clump_double, infiniplex_forest_lined_corner,
          moated_statue
D:2:      first_ration, minmay_pentomino_r2, uniq_robin
D:3:      grunt_temple_overflow_open, kennysheep_generic_room_3
D:4:      overflow_temple_1_default, gammafunk_temple_overflow_pools,
          minmay_temple_entry_grid
D:5:      serial_park, serial_park_square2, serial_park_square1,
          serial_park_square2, serial_park_square3, basic_altar, uniq_ijyb
D:6:      serial_shops, nicolae_shop_behind_doors, ebering_ghost_disaster_area,
          grunt_decor_clamped, grunt_gozag_breadcrumbs, uniq_eustachio
D:7:      minmay_s_stair_smasher, nicolae_overflow_crystal_walls,
          serial_bayou_ford_a, the_bakery, tgw_trog
D:8:      kennysheep_small_circle
D:9:      serial_shops, nicolae_shop_overgrown_old_shop,
          minmay_statue_crystal_thing, uniq_erica
D:11:     minmay_the_grid_triangle_9x9_recursive_2, lair_entry_dummy,
          minmay_statues_item, minmay_joined_circles, uniq_urug
D:12:     erik_orc_4, gammafunk_ghost_nasty_kobolds,
          minmay_misc_feat_secret_circle, minmay_fire_ice_demons, uniq_kirke
D:14:     david_vaults_5, kennysheep_small_spiral, dk_noncrumbling_3
Temple:   dpeg_chambers_temple

Skill      XL: |  1  2  3  4  5  6  7  8  9 10 11 12 13 |
---------------+----------------------------------------+-----
Bows           | 6 7 8 10 12 13 16 17 18 | 18.7
Dodging        | 2 3 4 5 7 8 9 |  9.2
Fighting       | 3 4 5 6 7 9 10 11 | 11.7
Translocations | 3 4 5 |  5.2
Armour         | 2 4 |  4.9
Stealth        | |  0.4

Action                   |  1- 3 |  4- 6 |  7- 9 | 10-12 | 13-15 || total
-------------------------+-------+-------+-------+-------+-------++-------
Melee: Shortbow          |     8 |       |       |     2 |       ||    10
       Unarmed           |     6 |       |       |       |       ||     6
       Kick              |     1 |       |     1 |     1 |     1 ||     4
       Short sword       |       |     8 |       |       |       ||     8
       Hunting sling     |       |       |     1 |       |       ||     1
       Arbalest          |       |       |       |       |     1 ||     1
 Fire: Shortbow          |   104 |    46 |   405 |   608 |   562 ||  1725
       Hunting sling     |       |   205 |   218 |    36 |       ||   459
       Arbalest          |       |       |       |       |   251 ||   251
Throw: Stone             |       |    26 |     1 |       |       ||    27
Invok: Fungal Bloom      |       |     1 |     1 |     2 |     3 ||     7
  Use: Potion            |       |     4 |     2 |     2 |     4 ||    12
       Scroll            |       |       |     6 |     9 |     6 ||    21
  Eat: Chunk             |     1 |     5 |    12 |     8 |    14 ||    40
Armor: Leather armour    |    16 |    35 |    36 |    36 |    80 ||   203
Dodge: Dodged            |    24 |   107 |   171 |   151 |   409 ||   862

Table legend:
 A = Non-vault XP
 B = Vault XP
 C = Vault XP percentage of total XP
 D = Non-vault monster count
 E = Vault monster count
 F = Vault count percentage of total count
                 A         B        C        D         E       F
            +---------+---------+-------+---------+---------+-------
      Total |   27097 |   13915 |  33.9 |     368 |     100 |  21.4
            +---------+---------+-------+---------+---------+-------
        D:1 |      25 |       0 |   0.0 |      11 |       0 |   0.0
        D:2 |     146 |      53 |  26.6 |      29 |      15 |  34.1
        D:3 |     227 |       5 |   2.2 |      39 |       2 |   4.9
        D:4 |     570 |       0 |   0.0 |      29 |       0 |   0.0
        D:5 |     850 |     179 |  17.4 |      23 |       4 |  14.8
        D:6 |     997 |    1150 |  53.6 |      30 |       4 |  11.8
        D:7 |    1385 |    1748 |  55.8 |      25 |      18 |  41.9
        D:8 |    1586 |     144 |   8.3 |      33 |       3 |   8.3
        D:9 |    2063 |    1574 |  43.3 |      21 |       2 |   8.7
       D:10 |    4884 |       0 |   0.0 |      46 |       0 |   0.0
       D:11 |    3760 |    7555 |  66.8 |      41 |      31 |  43.1
       D:12 |    5363 |    1507 |  21.9 |      27 |      21 |  43.8
       D:13 |     307 |       0 |   0.0 |       1 |       0 |   0.0
       D:14 |    4934 |       0 |   0.0 |      13 |       0 |   0.0
            +---------+---------+-------+---------+---------+-------
